[Event "Titled Tuesday Blitz October 31 Early 2023"]
[White "Toropov, Pavel"]
[Black "UK_23"]
[WhiteFideId "24129178"]
[WhiteElo "2548"]
[BlackElo "2407"]
[Result "1-0"]
[Round "8"]
[TimeControl "180+1"]
[Date "2023.10.31"]
[WhiteClock "0:02:20"]
[BlackClock "0:01:50"]
[Board "81"]

1. e4 e5 2. Nf3 Nc6 3. d4 exd4 4. Nxd4 Nf6 5. Nc3 Bb4 6. Nxc6 bxc6 7. Bd3 d5 8. exd5 O-O 9. O-O Bg4 10. f3 Bh5 11. dxc6 Qd4+ 12. Kh1 Bxc3 13. bxc3 Qxc3 14. Rb1 Qxc6 15. Bb2 Rad8 16. Qc1 Bg6 17. Rd1 Nd5 18. Bxg6 hxg6 19. c4 Nb4 20. Qc3 1-0


[Site "https://www.chess.com"]

[Event "Titled Tuesday Blitz October 31 Early 2023"]
[White "Seresin, Francesco"]
[Black "Shubenkova, Veronika"]
[WhiteFideId "886335"]
[BlackFideId "44124040"]
[WhiteElo "2392"]
[BlackElo "2538"]
[Result "1-0"]
[Round "8"]
[TimeControl "180+1"]
[Date "2023.10.31"]
[WhiteClock "0:00:16"]
[BlackClock "0:00:23"]
[Board "82"]

1. d4 d5 2. c4 e6 3. Nf3 f5 4. Nc3 Nf6 5. Bf4 c6 6. e3 Bd6 7. Qc2 O-O 8. Bd3 Ne4 9. O-O Qe7 10. c5 Bc7 11. Ne2 h6 12. b4 a6 13. a4 g5 14. Bxc7 Qxc7 15. Ne5 Nd7 16. f4 Nxe5 17. dxe5 Qe7 18. Bxe4 fxe4 19. Nd4 Bd7 20. g3 Rf7 21. Rab1 Raf8 22. b5 axb5 23. axb5 Qe8 24. bxc6 Bxc6 25. Rb6 gxf4 26. exf4 Rg7 27. Qe2 h5 28. Kg2 h4 29. Rb3 Qe7 30. g4 Rgf7 31. Qd2 Qxc5 32. Nxe6 Qc4 33. Rc3 h3+ 34. Kg1 Qb4 35. Nxf8 e3 36. Qxe3 d4 37. Rb3 Qc5 38. Qxh3 d3+ 39. Rf2 Rxf4 40. Qh7+ Kxf8 41. Qh6+ Ke8 42. Qxf4 Qd5 43. Qf8+ Kd7 44. Qf7+ Qxf7 45. Rxf7+ Ke6 46. Rf6+ Kxe5 47. Rxc6 d2 48. Rd3 bxc6 49. Rxd2 Kf4 50. Kg2 Kxg4 51. Rc2 Kh4 52. Rxc6 Kg4 53. Rc3 Kh4 54. h3 Kg5 55. Kg3 1-0


[Site "https://www.chess.com"]

[Event "Titled Tuesday Blitz October 31 Early 2023"]
[White "alfianasybullina"]
[Black "chess123456s"]
[WhiteElo "2311"]
[BlackElo "2538"]
[Result "0-1"]
[Round "8"]
[TimeControl "180+1"]
[Date "2023.10.31"]
[WhiteClock "0:00:15"]
[BlackClock "0:00:29"]
[Board "83"]

1. d4 d5 2. Nf3 Nf6 3. c3 e6 4. Bf4 c5 5. h3 Nc6 6. e3 Bd6 7. dxc5 Bxc5 8. Nbd2 Bd6 9. Bd3 e5 10. Bg5 e4 11. Bxf6 gxf6 12. Bxe4 dxe4 13. Nxe4 Be7 14. Qb3 Qb6 15. Qxb6 axb6 16. a3 Be6 17. Rd1 Na5 18. O-O Nc4 19. Nd4 O-O 20. Nxe6 fxe6 21. Rd7 Rf7 22. Rxb7 Bc5 23. Nxc5 bxc5 24. Rb5 Rc7 25. Rd1 Kf7 26. a4 Ke7 27. b3 Nd6 28. Rb6 Nc8 29. Rb5 c4 30. bxc4 Rxa4 31. c5 Rc4 32. Rd4 Rxc3 33. Rh4 Ke8 34. Kh2 Kf8 35. Re4 Kf7 36. Rh4 Kg8 37. Rg4+ Kh8 38. Rf4 f5 39. g4 R3xc5 40. Rb8 Kg7 41. Kg3 Ne7 42. g5 Rc4 43. Rxc4 Rxc4 44. Rb7 Kf7 45. h4 Rc1 46. Kg2 e5 47. h5 Rc6 48. Ra7 e4 49. Kg3 Ke6 50. h6 Rc1 51. Kg2 Rc8 52. Ra6+ Kf7 53. Ra7 Rg8 54. Kg3 Rxg5+ 55. Kf4 Rh5 56. Ke5 Rxh6 57. Rb7 Re6+ 58. Kf4 Kf6 59. Kg3 h6 60. Ra7 Ng6 61. Rh7 Kg5 62. Rg7 Rc6 63. Rh7 Rc1 64. Kg2 h5 65. Rg7 h4 66. Kh2 Rc2 67. Kg2 Kf6 68. Rg8 Ne5 69. Rf8+ Ke6 70. Re8+ Kd6 71. Rd8+ Ke7 72. Rh8 Ng4 73. Rh7+ Kf6 74. Rxh4 Rxf2+ 75. Kg1 Rf3 0-1


[Site "https://www.chess.com"]

[Event "Titled Tuesday Blitz October 31 Early 2023"]
[White "Tologon tegin, Semetei"]
[Black "chessculator16"]
[WhiteFideId "13800574"]
[WhiteElo "2528"]
[BlackElo "2350"]
[Result "1/2-1/2"]
[Round "8"]
[TimeControl "180+1"]
[Date "2023.10.31"]
[WhiteClock "0:00:40"]
[BlackClock "0:01:02"]
[Board "84"]

1. Nc3 d5 2. Nf3 Nf6 3. d4 c6 4. Bg5 Bg4 5. e3 Nbd7 6. h3 Bh5 7. g4 Bg6 8. Ne5 Nxe5 9. dxe5 Nd7 10. f4 f6 11. e6 fxg5 12. exd7+ Qxd7 13. f5 Bf7 14. e4 dxe4 15. Qxd7+ Kxd7 16. Nxe4 h6 17. O-O-O+ Kc7 18. Nc5 Bd5 19. Ne6+ Kb6 20. Rh2 g6 21. Bd3 gxf5 22. Bxf5 h5 23. Rf2 Bxe6 24. Bxe6 Bg7 25. Rd7 Bf6 26. Rf3 Rab8 27. Rb3+ Kc5 28. Rbxb7 Rxb7 29. Rxb7 hxg4 30. Bxg4 a5 31. c3 Rd8 32. Kc2 Rd5 33. a3 Re5 34. b4+ axb4 35. axb4+ Kd5 36. Bf3+ Kc4 37. Rc7 Re6 38. b5 Kxb5 39. Kb3 Kb6 40. Rc8 Kb7 41. Rd8 Re3 42. Bg4 Rxc3+ 43. Kb4 Re3 44. Kc5 Re5+ 45. Kc4 Kb6 46. Rb8+ Kc7 47. Rc8+ Kb7 48. Rd8 Re4+ 49. Kc5 Re5+ 50. Kc4 1/2-1/2


[Site "https://www.chess.com"]

[Event "Titled Tuesday Blitz October 31 Early 2023"]
[White "Witty_Alien"]
[Black "El_Matador12"]
[WhiteElo "2261"]
[BlackElo "2526"]
[Result "0-1"]
[Round "8"]
[TimeControl "180+1"]
[Date "2023.10.31"]
[WhiteClock "0:00:02"]
[BlackClock "0:01:13"]
[Board "85"]

1. e4 c6 2. d4 d5 3. Nd2 dxe4 4. Nxe4 Nf6 5. Ng5 h6 6. Nxf7 Kxf7 7. Nf3 Be6 8. Ne5+ Kg8 9. Bd3 Nbd7 10. O-O Nxe5 11. dxe5 Nd5 12. Kh1 Qd7 13. Qh5 Bf7 14. Qh4 g5 15. Bxg5 hxg5 16. Qxg5+ Bg7 17. c4 Nc7 18. Bf5 e6 19. Be4 Qd8 20. Qf4 Qh4 21. g4 Bh6 22. Qf3 Bg5 23. Qg2 Bf4 24. f3 Qxh2+ 25. Qxh2 Rxh2+ 26. Kg1 Rd8 27. Rae1 Rdd2 28. Ra1 Rdg2# 0-1


[Site "https://www.chess.com"]

[Event "Titled Tuesday Blitz October 31 Early 2023"]
[White "Jakubowski, Krzysztof"]
[Black "Topalov, Aleksandar"]
[WhiteFideId "1112848"]
[BlackFideId "925659"]
[WhiteElo "2665"]
[BlackElo "2262"]
[Result "1/2-1/2"]
[Round "8"]
[TimeControl "180+1"]
[Date "2023.10.31"]
[WhiteClock "0:01:29"]
[BlackClock "0:00:06"]
[Board "86"]

1. e4 e6 2. d4 d5 3. Nc3 Bb4 4. e5 Qd7 5. a3 Bxc3+ 6. bxc3 b6 7. Qg4 f5 8. Qh5+ Qf7 9. Qf3 Ba6 10. Bxa6 Nxa6 11. a4 Nb8 12. a5 Nc6 13. axb6 cxb6 14. Nh3 h6 15. Nf4 g5 16. Nd3 Nge7 17. h4 g4 18. Qe3 Na5 19. h5 Nc4 20. Qg3 a5 21. Ba3 O-O-O 22. Nf4 Rhg8 23. O-O Rg5 24. Rfb1 Nc6 25. Bc1 Rxh5 26. Nxh5 Qxh5 27. Qf4 Rh8 28. g3 Qg6 29. Kg2 h5 30. Be3 Kc7 31. Rh1 Ne7 32. Bc1 Qf7 33. Ba3 Ng6 34. Bd6+ Kc6 35. Qg5 f4 36. Rab1 fxg3 37. Qf6 Qxf6 38. exf6 Kxd6 39. fxg3 a4 40. Rbf1 a3 41. Rf2 h4 42. Re1 h3+ 43. Kh2 a2 44. f7 Ra8 45. Ra1 Ke7 46. Kg1 Ne3 47. Re2 Nf5 48. Kf2 Kxf7 49. c4 Nxd4 50. Rd2 Nf3 51. Rd3 dxc4 52. Rd7+ Kf6 53. Rb7 h2 54. Rxb6 h1=Q 55. Rxh1 a1=Q 56. Rxa1 Rxa1 57. Ke3 Rg1 58. Ke4 Rxg3 59. c3 Ng5+ 60. Kd4 Rf3 61. Kxc4 g3 62. Rb2 Rf2 63. Rb1 g2 64. Rg1 Nf3 65. Rxg2 Rxg2 66. Kd3 Rg3 67. Ke4 Nfe5 68. c4 Rc3 69. c5 Rxc5 70. Kd4 Rc4+ 71. Ke3 Kf5 72. Kd2 Ke4 73. Ke2 Rc2+ 74. Kd1 Kd3 75. Ke1 Rc3 76. Kd1 Rc4 77. Ke1 Nf3+ 78. Kd1 Rc3 1/2-1/2


[Site "https://www.chess.com"]

[Event "Titled Tuesday Blitz October 31 Early 2023"]
[White "Karamsetty, Jeevan"]
[Black "Bashirli, Saadat"]
[WhiteFideId "2025337"]
[BlackFideId "13429990"]
[WhiteElo "2604"]
[BlackElo "2411"]
[Result "1/2-1/2"]
[Round "8"]
[TimeControl "180+1"]
[Date "2023.10.31"]
[WhiteClock "0:01:21"]
[BlackClock "0:01:14"]
[Board "87"]

1. e4 e5 2. Nf3 Nc6 3. Bc4 Bc5 4. c3 Nf6 5. d4 exd4 6. e5 d5 7. Bb5 Ne4 8. cxd4 Bb4+ 9. Bd2 Bxd2+ 10. Nbxd2 Nxd2 11. Qxd2 O-O 12. O-O Bg4 13. Bxc6 bxc6 14. Qf4 Bxf3 15. Qxf3 Rb8 16. b3 Qe7 17. Rac1 Rb6 18. Rc5 Ra6 19. Qe2 Rb6 20. Rfc1 Qe6 21. Qc2 Qg4 22. Rxc6 Qxd4 23. Rxc7 Qxe5 24. Rxa7 Re8 25. g3 Rf6 26. Rd1 h6 27. Rd7 Qe2 28. Qxe2 Rxe2 29. Rf1 Rxa2 30. Rxd5 Rb2 31. Rb5 Rf3 32. b4 Rfb3 33. Rf5 Rxb4 34. Kg2 Rb1 35. Rxb1 Rxb1 36. h3 g6 37. Ra5 Kg7 38. g4 Rb2 39. Kg3 Rb3+ 40. f3 Rb2 41. h4 Rb3 42. Ra7 Rb5 43. Ra2 Rc5 44. Re2 Rb5 45. Re3 Rc5 46. f4 Rb5 47. g5 hxg5 48. hxg5 Rb1 49. Kf3 Rf1+ 50. Ke4 Rb1 51. Rd3 Re1+ 52. Re3 Ra1 53. Rc3 Re1+ 54. Kf3 Ra1 55. Re3 Rf1+ 56. Ke4 Ra1 57. Rd3 Re1+ 58. Re3 Ra1 1/2-1/2


[Site "https://www.chess.com"]

[Event "Titled Tuesday Blitz October 31 Early 2023"]
[White "Kim, Sergey"]
[Black "Matveeva, Olga"]
[WhiteFideId "13700570"]
[BlackFideId "24107018"]
[WhiteElo "2593"]
[BlackElo "2407"]
[Result "0-1"]
[Round "8"]
[TimeControl "180+1"]
[Date "2023.10.31"]
[WhiteClock "0:00:07"]
[BlackClock "0:00:15"]
[Board "88"]

1. d4 d5 2. c4 e6 3. Nc3 Nf6 4. Nf3 Be7 5. Bf4 O-O 6. e3 a6 7. c5 b6 8. b4 a5 9. a3 axb4 10. axb4 Rxa1 11. Qxa1 bxc5 12. bxc5 Nc6 13. Bb5 Nb4 14. O-O c6 15. Be2 Ne4 16. Nxe4 dxe4 17. Ne5 f6 18. Nc4 Nd5 19. Bd6 Bd7 20. Bxe7 Qxe7 21. Nd6 e5 22. Bc4 Kh8 23. Bxd5 cxd5 24. dxe5 fxe5 25. Qd1 Bc6 26. Qg4 d4 27. h4 h6 28. Rd1 Qa7 29. Rc1 Qa3 30. Qd1 dxe3 31. fxe3 Qxe3+ 32. Kh1 Qg3 33. Qh5 e3 34. Nf5 Qxg2# 0-1


[Site "https://www.chess.com"]

[Event "Titled Tuesday Blitz October 31 Early 2023"]
[White "Begunov, Konstantin"]
[Black "Leyva Proenza, Richard"]
[WhiteFideId "4118510"]
[BlackFideId "3500985"]
[WhiteElo "2401"]
[BlackElo "2587"]
[Result "0-1"]
[Round "8"]
[TimeControl "180+1"]
[Date "2023.10.31"]
[WhiteClock "0:00:00"]
[BlackClock "0:00:21"]
[Board "89"]

1. d4 Nf6 2. c4 g6 3. f3 Bg7 4. e4 d6 5. Nc3 O-O 6. Be3 e5 7. Nge2 c6 8. Qd2 Nbd7 9. O-O-O a6 10. Kb1 Qa5 11. Nc1 b5 12. Nb3 Qc7 13. dxe5 dxe5 14. Qd6 Qb8 15. Na5 Bb7 16. c5 Rc8 17. b4 Bf8 18. Qd2 Qc7 19. h4 Rd8 20. Qf2 Nh5 21. Bd3 Be7 22. Bc2 Nf8 23. Bb3 Rxd1+ 24. Rxd1 Bc8 25. Ne2 Be6 26. g4 Bxb3 27. axb3 Nf4 28. Nxf4 exf4 29. Qh2 Ne6 30. Bc1 Bxc5 31. Nxc6 Qxc6 32. bxc5 Qxc5 33. Bxf4 Qc3 34. Be5 Qxb3+ 35. Kc1 Qxf3 36. Rd2 Rc8+ 37. Kb2 Qxe4 38. Bc3 b4 39. Bf6 Qxg4 40. Qd6 Qf5 41. h5 Qxf6+ 42. Ka2 Rd8 43. Qh2 Rxd2+ 44. Qxd2 Qc3 0-1


[Site "https://www.chess.com"]

[Event "Titled Tuesday Blitz October 31 Early 2023"]
[White "Bulmaga, Irina"]
[Black "Spichkin, Alexander"]
[WhiteFideId "13903063"]
[BlackFideId "4144074"]
[WhiteElo "2573"]
[BlackElo "2399"]
[Result "1-0"]
[Round "8"]
[TimeControl "180+1"]
[Date "2023.10.31"]
[WhiteClock "0:00:08"]
[BlackClock "0:00:26"]
[Board "90"]

1. e4 e5 2. Nf3 d5 3. Nxe5 Bd6 4. d4 dxe4 5. Bc4 Bxe5 6. dxe5 Qxd1+ 7. Kxd1 Nc6 8. Bf4 Bg4+ 9. Be2 Be6 10. Nc3 O-O-O+ 11. Kc1 Nd4 12. Re1 Bf5 13. Be3 Nc6 14. Bf4 Nge7 15. Bc4 Ng6 16. Bg5 Rd4 17. Bxf7 Ngxe5 18. Bb3 Ng4 19. Nxe4 Bxe4 20. Be6+ Kb8 21. Bxg4 Bg6 22. Bf3 Nb4 23. Re2 h6 24. Be3 Rd7 25. a3 Rhd8 26. Rd2 Rxd2 27. Bxd2 Nxc2 28. Ra2 Bf7 29. b3 Nd4 30. Bc3 Nxb3+ 31. Kb1 Nc5 32. Rd2 Bg6+ 33. Ka2 Bf7+ 34. Kb1 Re8 35. Bxg7 h5 36. Bf6 Re1+ 37. Kb2 Na4+ 38. Kc2 a6 39. Rd8+ Ka7 40. Bd4+ c5 41. Rd7 Bg6+ 42. Kd2 Be4 43. Kxe1 Bxf3 44. gxf3 cxd4 45. Rxd4 Nc3 46. Rh4 b5 47. Rxh5 Nb1 48. f4 Nxa3 49. f5 Nc4 50. f6 Ne5 51. Rxe5 Kb6 52. f7 a5 53. f8=Q a4 54. Qb4 a3 55. Re6+ Kc7 56. Qe7+ Kc8 57. Rc6+ Kb8 58. Qc7+ Ka8 59. Ra6# 1-0


[Site "https://www.chess.com"]

[Event "Titled Tuesday Blitz October 31 Early 2023"]
[White "Hoffmann, Asa"]
[Black "Ezat, Mohamed"]
[WhiteFideId "2001470"]
[BlackFideId "10600906"]
[WhiteElo "2393"]
[BlackElo "2572"]
[Result "1/2-1/2"]
[Round "8"]
[TimeControl "180+1"]
[Date "2023.10.31"]
[WhiteClock "0:00:13"]
[BlackClock "0:00:18"]
[Board "91"]

1. d4 Nf6 2. Bg5 c5 3. d5 Qb6 4. Nc3 Qxb2 5. Bd2 Qb6 6. e4 d6 7. f4 Bg4 8. Be2 Bxe2 9. Qxe2 Qd8 10. Rb1 b6 11. Nf3 g6 12. e5 Ng8 13. exd6 Qxd6 14. Nb5 Qd7 15. Bc3 f6 16. d6 Na6 17. O-O Kf7 18. Ne5+ fxe5 19. fxe5+ Nf6 20. exf6 exd6 21. Rbd1 d5 22. Qf3 Rd8 23. a4 d4 24. Bd2 Qd5 25. Qg3 Bd6 26. Bf4 Bxf4 27. Qxf4 Rd7 28. Qh6 Ke8 29. Rde1+ Kd8 30. c4 dxc3 31. Nxc3 Qd4+ 32. Kh1 Re8 33. Rd1 Qxc3 34. Rxd7+ Kxd7 35. f7 Nc7 36. fxe8=Q+ Nxe8 37. Qxh7+ Kc6 38. Qxg6+ Nd6 39. Rd1 Qe5 40. h4 c4 41. h5 c3 42. h6 Kc5 43. h7 Ne4 44. Qxe4 Qh5+ 45. Kg1 Qxd1+ 46. Kh2 Qh5+ 47. Kg1 Qd1+ 48. Kh2 Qh5+ 49. Kg1 Qd1+ 1/2-1/2


[Site "https://www.chess.com"]

[Event "Titled Tuesday Blitz October 31 Early 2023"]
[White "Marcziter, Dmitrii"]
[Black "Andreev, Konstantin"]
[WhiteFideId "13900765"]
[BlackFideId "24239305"]
[WhiteElo "2377"]
[BlackElo "2553"]
[Result "0-1"]
[Round "8"]
[TimeControl "180+1"]
[Date "2023.10.31"]
[WhiteClock "0:00:00"]
[BlackClock "0:00:05"]
[Board "92"]

1. d4 Nf6 2. c4 e6 3. Nf3 d5 4. g3 Bb4+ 5. Bd2 a5 6. Qc2 Be7 7. b3 O-O 8. Bg2 c6 9. O-O Nbd7 10. Bf4 b6 11. cxd5 cxd5 12. Rc1 Ba6 13. Bc7 Qe8 14. Ne5 Rc8 15. Nc6 Kh8 16. Nxe7 Qxe7 17. Qb2 Ne4 18. Bf4 Rxc1+ 19. Bxc1 Rc8 20. Bf4 Qb4 21. Nd2 Nc3 22. e3 h6 23. h4 f6 24. g4 g5 25. Bg3 Ne2+ 26. Kh2 Nxg3 27. Kxg3 Qd6+ 28. Kh3 f5 29. Bf3 Nf6 30. hxg5 hxg5 31. Rc1 Rf8 32. Kg2 Nxg4 33. Bxg4 fxg4 34. Qc2 Qe7 35. Rh1+ Kg8 36. Qg6+ Qg7 37. Qxe6+ Qf7 38. Qxf7+ Rxf7 39. Rh6 Be2 40. Rxb6 Rc7 41. Rg6+ Kf7 42. Rxg5 Rc2 43. Nf1 Bf3+ 44. Kg3 Rxa2 45. Nh2 Be4 46. Nxg4 Rb2 47. Ne5+ Ke6 48. f3 Bc2 49. Rg8 Rxb3 50. Re8+ Kd6 51. Rd8+ Ke7 52. Rxd5 a4 53. Ra5 Rxe3 54. Rxa4 Bxa4 55. Nc4 Rc3 56. Ne5 Bc6 57. Kf4 Kd6 58. Ng6 Rc1 59. Ne5 Rf1 60. Ke3 Kd5 61. Ke2 Ra1 62. Kd3 Ra2 0-1


[Site "https://www.chess.com"]

[Event "Titled Tuesday Blitz October 31 Early 2023"]
[White "Golubev, Mikhail"]
[Black "Dmitrenko, Viktor"]
[WhiteFideId "14100983"]
[BlackFideId "14110270"]
[WhiteElo "2547"]
[BlackElo "2375"]
[Result "1-0"]
[Round "8"]
[TimeControl "180+1"]
[Date "2023.10.31"]
[WhiteClock "0:00:04"]
[BlackClock "0:00:02"]
[Board "93"]

1. e4 c5 2. Ne2 Nc6 3. Nbc3 Nf6 4. d4 cxd4 5. Nxd4 e5 6. Ndb5 d6 7. Bg5 a6 8. Na3 b5 9. Bxf6 gxf6 10. Nd5 Bg7 11. c3 Ne7 12. Nc2 Be6 13. Nxe7 Qxe7 14. Ne3 O-O 15. Bd3 Rac8 16. O-O Kh8 17. Qh5 Rg8 18. a4 bxa4 19. Rxa4 Rb8 20. b4 Qc7 21. Nd5 Qd8 22. Rxa6 Rc8 23. c4 Qf8 24. b5 Bxd5 25. exd5 Bh6 26. Ra7 Rg7 27. Kh1 Bg5 28. Bf5 Rxc4 29. Rfa1 Rh4 30. Qe2 Rg8 31. b6 Qh6 32. h3 Rxh3+ 33. Bxh3 Bf4 34. Ra8 Qg7 35. Rxg8+ Qxg8 36. Kg1 Qb8 37. Rb1 Qb7 38. Kh1 Qxd5 39. Kg1 Qb7 40. Bf5 Kg7 41. Qf3 h6 42. Qxb7 1-0


[Site "https://www.chess.com"]

[Event "Titled Tuesday Blitz October 31 Early 2023"]
[White "LeoLV10"]
[Black "secrethawk1"]
[WhiteElo "2545"]
[BlackElo "2360"]
[Result "0-1"]
[Round "8"]
[TimeControl "180+1"]
[Date "2023.10.31"]
[WhiteClock "0:00:10"]
[BlackClock "0:00:38"]
[Board "94"]

1. e4 c6 2. d4 d5 3. e5 Bf5 4. h4 h5 5. Bd3 Bxd3 6. Qxd3 e6 7. Nf3 c5 8. c3 Nc6 9. a3 Nh6 10. b4 cxd4 11. cxd4 Nf5 12. Nc3 Qb6 13. Na4 Qd8 14. Bb2 Be7 15. g3 O-O 16. O-O g6 17. Rac1 a6 18. Rc2 Rc8 19. Rfc1 f6 20. exf6 Bxf6 21. Nc5 Qe7 22. Re2 Ng7 23. Rce1 Rce8 24. Qxg6 Kh8 25. Kg2 Qd6 26. Ng5 Bxg5 27. hxg5 Rf5 28. Nxe6 Re7 29. Nxg7 Qxg6 30. Nxf5 Rxe2 31. Rxe2 Qxf5 32. Bc1 Kg7 33. Bf4 Qd3 34. Rd2 Qe4+ 35. f3 Qf5 36. Re2 Qd3 37. Ra2 Qxd4 38. Rc2 Qd3 39. Rd2 Qc4 40. Re2 Qxe2+ 0-1


[Site "https://www.chess.com"]

[Event "Titled Tuesday Blitz October 31 Early 2023"]
[White "Pumpkin_in_moonlight"]
[Black "Bazilius, Augustinas"]
[BlackFideId "12832251"]
[WhiteElo "2358"]
[BlackElo "2513"]
[Result "0-1"]
[Round "8"]
[TimeControl "180+1"]
[Date "2023.10.31"]
[WhiteClock "0:00:00"]
[BlackClock "0:00:44"]
[Board "95"]

1. e4 c5 2. Nf3 a6 3. Nc3 e6 4. g3 b5 5. Bg2 Bb7 6. d3 d6 7. O-O Nf6 8. a4 b4 9. Ne2 Be7 10. c3 a5 11. Nd2 O-O 12. f4 Nc6 13. c4 Qc7 14. b3 Rad8 15. Bb2 Ng4 16. Rf3 d5 17. cxd5 exd5 18. h3 Nh6 19. Qc2 Qb6 20. Kh1 Nd4 21. Nxd4 cxd4 22. exd5 Bxd5 23. Nc4 Qc6 24. Rf2 Nf5 25. Kh2 Qg6 26. g4 Ne3 27. Nxe3 dxe3 28. Re2 Bd6 29. Rf1 Qh6 30. Bxd5 Bxf4+ 31. Kg2 Rxd5 32. d4 f5 33. gxf5 Rdxf5 34. Qe4 Rg5+ 0-1


[Site "https://www.chess.com"]

[Event "Titled Tuesday Blitz October 31 Early 2023"]
[White "Willy, Stephen"]
[Black "Ovezdurdyyeva, Jemal"]
[WhiteFideId "30981468"]
[BlackFideId "14001888"]
[WhiteElo "2491"]
[BlackElo "2357"]
[Result "1-0"]
[Round "8"]
[TimeControl "180+1"]
[Date "2023.10.31"]
[WhiteClock "0:00:19"]
[BlackClock "0:00:00"]
[Board "96"]

1. e4 d6 2. d4 Nf6 3. f3 g6 4. c4 Bg7 5. Nc3 O-O 6. Be3 a6 7. g4 c5 8. d5 Nbd7 9. Qd2 Ne5 10. Bh6 e6 11. h4 exd5 12. cxd5 b5 13. h5 Qe7 14. Be2 b4 15. Nd1 Re8 16. Qg5 Nfd7 17. Qc1 Nf6 18. Bxg7 Kxg7 19. Ne3 gxh5 20. Nf5+ Bxf5 21. gxf5 Kh8 22. Qh6 Ned7 23. Nh3 Qf8 24. Qf4 Qe7 25. Ng5 Rg8 26. Qxd6 Rae8 27. Qxe7 Rxe7 28. Nh3 Rg2 29. Nf4 1-0


[Site "https://www.chess.com"]

[Event "Titled Tuesday Blitz October 31 Early 2023"]
[White "Camilla_Lee"]
[Black "Bobomurodova, Maftuna"]
[BlackFideId "14207400"]
[WhiteElo "2488"]
[BlackElo "2351"]
[Result "0-1"]
[Round "8"]
[TimeControl "180+1"]
[Date "2023.10.31"]
[WhiteClock "0:00:01"]
[BlackClock "0:01:12"]
[Board "97"]

1. e4 e5 2. Nf3 Nc6 3. Nc3 Nf6 4. d4 exd4 5. Nd5 d6 6. Nxd4 Be7 7. Nb5 Nxd5 8. exd5 Ne5 9. Be2 O-O 10. O-O Bf6 11. c3 Bf5 12. Re1 h6 13. h3 Re8 14. Bf1 Qd7 15. Nd4 Bh7 16. Bf4 Ng6 17. Rxe8+ Rxe8 18. Bb5 Qe7 19. Bg3 Rd8 20. Qd2 a6 21. Re1 Qf8 22. Bf1 Ne5 23. f4 Nd7 24. Bf2 Nc5 25. Qd1 Re8 26. Rxe8 Qxe8 27. b3 Ne4 28. Qe1 Qe7 29. Bd3 Kf8 30. Ne2 Bg6 31. c4 Nxf2 32. Qxf2 Bxd3 0-1


[Site "https://www.chess.com"]

[Event "Titled Tuesday Blitz October 31 Early 2023"]
[White "LouieKov2022"]
[Black "Antonio, Jorge Carlos"]
[BlackFideId "113190"]
[WhiteElo "2477"]
[BlackElo "2330"]
[Result "1-0"]
[Round "8"]
[TimeControl "180+1"]
[Date "2023.10.31"]
[WhiteClock "0:02:43"]
[BlackClock "0:02:01"]
[Board "98"]

1. e4 c5 2. Nf3 e6 3. d4 cxd4 4. Nxd4 a6 5. c4 Nc6 6. Nc3 Bb4 7. Nxc6 bxc6 8. Bd3 d5 9. cxd5 cxd5 10. Qa4+ Bd7 11. Qxb4 dxe4 12. Nxe4 Ne7 13. Nd6+ Kf8 14. Qf4 f6 15. O-O Nd5 16. Qg3 Qc7 17. b3 Ke7 18. Ba3 1-0


[Site "https://www.chess.com"]

[Event "Titled Tuesday Blitz October 31 Early 2023"]
[White "Matthes, Aaron"]
[Black "Rosenberg, Evan S"]
[WhiteFideId "16227310"]
[BlackFideId "2019299"]
[WhiteElo "2321"]
[BlackElo "2470"]
[Result "1-0"]
[Round "8"]
[TimeControl "180+1"]
[Date "2023.10.31"]
[WhiteClock "0:00:33"]
[BlackClock "0:00:05"]
[Board "99"]

1. Nf3 d5 2. e3 c5 3. d4 Nf6 4. b3 Bg4 5. Bb2 e6 6. Nbd2 a6 7. Be2 Nc6 8. O-O cxd4 9. Nxd4 Bxe2 10. Qxe2 Be7 11. c4 O-O 12. cxd5 Qxd5 13. Rfd1 Nxd4 14. Bxd4 Rac8 15. Nc4 Qg5 16. h3 Nd5 17. e4 Nf4 18. Qf3 b5 19. Ne3 Rfd8 20. Ng4 Rc2 21. Be3 e5 22. Rxd8+ Bxd8 23. Rd1 Bc7 24. Nxe5 Qxe5 25. Bxf4 Qc5 26. Rd7 Bb6 27. Be3 Rc1+ 28. Bxc1 Qxc1+ 29. Qd1 Qxd1+ 30. Rxd1 Kf8 31. Rd7 Ke8 32. Rb7 Bd4 33. Kf1 h5 34. f3 h4 35. Ke2 g5 36. Kd3 Be5 37. Ra7 b4 38. Rxa6 f6 39. Kc4 Bc3 40. Kd5 Kf7 41. Rc6 Kg6 42. a4 Kh5 43. a5 g4 44. fxg4+ Kg5 45. a6 Kf4 46. a7 Kg3 47. a8=Q Kxg2 48. Rxf6 Bxf6 49. Qf8 Bc3 50. e5 Kxh3 51. Qf3+ Kh2 52. g5 h3 53. g6 Be1 54. g7 Bg3 55. g8=Q Bxe5 56. Qxh3+ Kxh3 57. Kxe5 Kh4 58. Kf4 Kh5 1-0


[Site "https://www.chess.com"]

[Event "Titled Tuesday Blitz October 31 Early 2023"]
[White "gpsji27"]
[Black "Shuvalov, Evgenij"]
[BlackFideId "4187237"]
[WhiteElo "2309"]
[BlackElo "2466"]
[Result "1/2-1/2"]
[Round "8"]
[TimeControl "180+1"]
[Date "2023.10.31"]
[WhiteClock "0:00:07"]
[BlackClock "0:00:16"]
[Board "100"]

1. d4 Nf6 2. Nf3 c5 3. d5 b5 4. g3 g6 5. Bg2 d6 6. O-O Bg7 7. Bg5 Ne4 8. Bc1 O-O 9. Nbd2 Bf5 10. Nxe4 Bxe4 11. c3 Nd7 12. Nd2 Bxg2 13. Kxg2 Nb6 14. e4 e6 15. dxe6 fxe6 16. Nf3 d5 17. Bg5 Qd7 18. exd5 exd5 19. Re1 Rae8 20. Qd3 Nc4 21. b3 Nb6 22. Rad1 c4 23. bxc4 bxc4 24. Qd2 Qf5 25. Nh4 Qd7 26. Be3 d4 27. Bxd4 Qc6+ 28. Kg1 Rd8 29. Qe3 Nd5 30. Qe4 Rfe8 31. Qg2 Rxe1+ 32. Rxe1 Bxd4 33. cxd4 c3 34. Rc1 Qc4 35. Qe4 Nf6 36. Qe7 Qxd4 37. Nf3 Qd6 38. Qxd6 Rxd6 39. Rxc3 Ra6 40. Rc2 Nd5 41. Rd2 Nc3 42. Ne5 Rxa2 43. Rxa2 Nxa2 44. Kf1 Nc3 45. Nc4 Kf7 46. Ke1 Ke6 47. Kd2 Ne4+ 48. Ke3 Nf6 49. Kd4 Ng4 50. f3 Nxh2 51. Ke3 Kd5 52. Na5 h5 53. Kf2 g5 54. Kg2 Nxf3 55. Kxf3 Kc5 56. Nb3+ Kb4 57. Nd4 a5 58. Ke4 a4 59. Kf5 h4 60. gxh4 gxh4 61. Kg4 Kc3 62. Nb5+ Kb4 63. Nd4 Kc4 64. Nc2 Kc3 65. Na3 Kb3 66. Nb5 Kb4 67. Nd4 1/2-1/2


[Site "https://www.chess.com"]

[Event "Titled Tuesday Blitz October 31 Early 2023"]
[White "Devaev, Alexander"]
[Black "Malikova777"]
[WhiteFideId "4169395"]
[WhiteElo "2459"]
[BlackElo "2305"]
[Result "1-0"]
[Round "8"]
[TimeControl "180+1"]
[Date "2023.10.31"]
[WhiteClock "0:01:31"]
[BlackClock "0:01:08"]
[Board "101"]

1. Nf3 Nf6 2. c4 g6 3. Nc3 Bg7 4. e4 d6 5. d4 O-O 6. h3 Nc6 7. Bg5 e5 8. d5 Ne7 9. g4 h6 10. Be3 Nd7 11. Rg1 Kh7 12. h4 a5 13. h5 g5 14. Be2 f6 15. Nd2 b6 16. f3 Nc5 17. Kf2 Ba6 18. b3 Bb7 19. Rb1 Ra7 20. a3 Qa8 21. Qc2 Rb8 22. Kg3 Bc8 23. Nb5 Rab7 24. b4 axb4 25. axb4 Na6 26. Qb3 Bf8 27. Ra1 Ng8 28. Ra3 c6 29. dxc6 Rf7 30. c7 Rb7 31. Rga1 Rbxc7 32. Nxc7 Rxc7 33. b5 Nc5 34. Bxc5 Qb7 35. Be3 d5 36. cxd5 Bxa3 37. Qxa3 Bd7 38. Qd6 Rc3 39. Qxb6 Qxb6 40. Bxb6 Rc2 41. Be3 Ne7 42. Ra7 1-0


[Site "https://www.chess.com"]

[Event "Titled Tuesday Blitz October 31 Early 2023"]
[White "Pinto, Daniel"]
[Black "Nekoo04"]
[WhiteFideId "3303144"]
[WhiteElo "2450"]
[BlackElo "2292"]
[Result "1-0"]
[Round "8"]
[TimeControl "180+1"]
[Date "2023.10.31"]
[WhiteClock "0:00:59"]
[BlackClock "0:00:00"]
[Board "102"]

1. Nf3 d5 2. g3 Nf6 3. Bg2 c5 4. O-O Nc6 5. c4 d4 6. d3 e5 7. e3 Be7 8. exd4 exd4 9. Re1 O-O 10. Bf4 h6 11. Ne5 Nxe5 12. Bxe5 Bd6 13. Nd2 Bf5 14. Bxf6 Qxf6 15. Ne4 Bxe4 16. Bxe4 Rae8 17. b3 1-0


[Site "https://www.chess.com"]